 Seeded DCSS version 0.27-a0-1060-gcb85b5eba1 (webtiles) character file.

Game seed: 20210421 (custom seed)

37 Snicker the Sneak (level 3, -3/28 HPs)
             Began as a Demonspawn Brigand on Apr 21, 2021.
             Slain by a worm (9 damage)
             ... on level 2 of the Dungeon.
             The game lasted 00:01:17 (841 turns).

Snicker the Sneak (Demonspawn Brigand)               Turns: 841, Time: 00:01:17

Health: -3/28      AC:  3    Str: 11    XL:     3   Next: 23%
Magic:  3/3        EV: 11    Int: 12    God:
Gold:   20         SH:  4    Dex: 15    Spells: 2/2 levels left

rFire    + . .     SeeInvis .   a - +1 dagger (elec)
rCold    . . .     Faith    .   (no shield)
rNeg     . . .     Spirit   .   b - +0 robe
rPois    .         Reflect  .   (no helmet)
rElec    .         Harm     .   c - +0 cloak
rCorr    .         Rampage  .   (no gloves)
Will     .....                  (no boots)
Stlth    +++.......             (no amulet)
HPRegen  0.09/turn              j - ring of protection from fire
MPRegen  0.08/turn              (no ring)

@: no status effects
A: condensation shield
a: no special abilities


You were on level 2 of the Dungeon.
You visited 1 branch of the dungeon, and saw 2 of its levels.

You collected 20 gold pieces.

Inventory:

Hand Weapons
 a - a +1 dagger of electrocution (weapon)
 g - a +2 dagger
Missiles
 d - 8 poisoned darts
 e - 2 curare-tipped darts (quivered)
Armour
 b - a +0 robe (worn)
 c - a +0 cloak (worn)
Jewellery
 j - a ring of protection from fire (left hand)
Scrolls
 h - 4 scrolls of magic mapping {unknown}
 i - a scroll of fear {unknown}
 l - a scroll of identify {unknown}
Potions
 f - 2 potions of flight {unknown}
 k - a potion of brilliance {unknown}
 m - a potion of mutation {unknown}


   Skills:
 + Level 2.4 Fighting
 * Level 2.0 Short Blades
 + Level 1.7 Throwing
 + Level 0.8 Dodging
 * Level 4.4 Stealth
 + Level 0.1 Shields


You had 2 spell levels left.
You didn't know any spells.
Your spell library contained the following spells:

 Spells                   Type           Power      Damage    Failure   Level
 Beastly Appendage        Tmut           0%         N/A       32%         1
 Wereblood                Tmut           0%         N/A       45%         2
 Spider Form              Tmut/Pois      0%         N/A       69%         3
 Ice Form                 Ice/Tmut       0%         N/A       97%         4
 Hydra Form               Tmut           0%         N/A       100%        5


Dungeon Overview and Level Annotations

Branches:
Dungeon (2/15)

Altars:


Innate Abilities, Weirdness & Mutations

A meltable shield of frost defends you. (SH +4)


Message History

You hit the goblin. Lightning courses through the goblin!
You kill the goblin!
The kobold hits you but does no damage.
You see here a +0 club.
You closely miss the kobold.
The kobold hits you with a +0 short sword.
You hit the kobold. Lightning courses through the kobold!!
You kill the kobold!
A goblin comes into view. It is wielding a +0 dagger.
A goblin is nearby!
The goblin shouts!
Found 16 stones.
Things that are here:
a +0 short sword; 3 stones An adder and a worm come into view.
The goblin hits you with a +0 dagger.
You closely miss the goblin. The goblin hits you with a +0 dagger.
You hit the goblin. Lightning courses through the goblin!
You kill the goblin!
A giant cockroach comes into view.
Your Short Blades skill increases to level 2!
You have reached level 3!
Your experience leads to an increase in your attributes!
Increase (S)trength, (I)ntelligence, or (D)exterity?
You feel agile.
Unknown command.
You barely miss the adder. The adder bites you but does no damage.
You barely miss the adder. The adder barely misses you.
You barely miss the adder. The adder bites you.
Unknown command.
You closely miss the adder. The adder bites you. x2
You completely miss the adder. The adder bites you.
* * * LOW HITPOINT WARNING * * *
You hit the adder. Lightning courses through the adder!
You kill the adder!
You barely miss the worm. You hit the worm.
The worm is lightly wounded.
The worm bites you!
You die...

#..# .# #.<# .#
..####..# .#
.........###.# #
...........#.##.####
......##.#.)#.....(.
.....# #.###)# ...#.
#.# #.# ...# #.# #@#
#. ......w)#
....##..# .### #..#
#..# #..# #..# ...#


You could see a worm.

Vanquished Creatures
  An adder (D:2)
  2 dart slugs (D:1)
  A bat (D:1)
  An endoplasm (D:1)
  A giant cockroach (D:1)
  4 goblins
  6 hobgoblins (D:1)
  A quokka (D:1)
  2 kobolds
  3 rats (D:1)
22 creatures vanquished.

Notes
Turn   | Place    | Note
-------+----------+-------------------------------------------
     0 | D:1      | Snicker the Demonspawn Brigand began the quest for the Orb.
     0 | D:1      | Reached XP level 1. HP: 16/16 MP: 1/1
   314 | D:1      | Gained mutation: A meltable shield of frost defends you.
                  | (SH +4) [demonic ancestry]
   314 | D:1      | Reached XP level 2. HP: 22/22 MP: 2/2
   332 | D:1      | Reached skill level 4 in Stealth
   832 | D:2      | Reached XP level 3. HP: 20/28 MP: 3/3
   841 | D:2      | Slain by a worm

Illustrated notes

Levels and vault maps discovered:
D:1:      dpeg_arrival_shelter, layout_basic
D:2:      layout_loops_ring, minmay_misc_feat_tiny,
          minmay_randomly_rotated_circles, uniq_robin, uniq_natasha

Skill      XL: |  1  2 |
---------------+-------+-----
Stealth        | 4 |  4.4
Short Blades   | 2 |  2.0
Fighting       | |  2.4
Throwing       | |  1.7
Dodging        | |  0.8
Shields        | |  0.1

Action                   || total
-------------------------++-------
Melee: Dagger            ||    54
Throw: Dart              ||     1
 Stab: Sleeping          ||     2
Armor: Robe              ||    12
Dodge: Dodged            ||    16
Block: Other             ||     9

Table legend: (Time is in decaauts)
 A = Elapsed time spent in this place.
 B = Non-inter-level travel time spent in this place.
 C = Inter-level travel time spent in this place.
 D = Time resting spent in this place.
 E = Time spent auto-exploring this place.
 F = Levels seen in this place.
 G = Mean time per level.
                   A        B        C        D        E       F      G
               +--------+--------+--------+--------+--------+-----+--------+
         Total |    835 |    826 |      9 |      0 |    665 |   2 |  417.5 |
       Dungeon |    835 |    826 |      9 |      0 |    665 |   2 |  417.5 |
               +--------+--------+--------+--------+--------+-----+--------+

Top non-repeatable levels by time:
     D:1: 782 daAuts
     D:2: 52 daAuts
